Description

A chargelot immortal all-in build that hits as charge is completed at about 5 mins.

VOD

https://www.youtube.com/watch?v=gehqFf6xies

Build Order

Get SALT Encoding   

  14  0:18  Pylon  No scout yet, place for a natural wall
  15  0:29  Assimilator  Only rally once 16 on minerals
  16  0:37  Probe (Chrono Boost)  
  17  0:47  Gateway  Still no scout yet
  19  0:53  Probe  Rally to natural
  20  1:03  Probe  Return rally to gas, queue no more probes
  20  1:23  Nexus  
  20  1:33  Cybernetics Core  Probe can now scout and probes restart production
  21  1:40  Assimilator  Again, keep 16 on minerals
  22  1:51  Pylon  
  23  2:09  Warp Gate, Adept (Chrono Boost)  
  26  2:17  Robotics Facility  
  27  2:33  Stalker (Chrono Boost)  Once natural finishes, get one probe from gas to natural for 2,3 saturation
  31  2:47  Twilight Council  Delay 1 probe for this
  35  3:07  Warp Prism (Chrono Boost)  Rally to overlord high ground for stalker
  37  3:13  Gateway  Finish wall
  38  3:20  Gateway  Stop probes once it hits 32
  38  3:25  Charge  After immortals done, chrono this
  38  3:36  Immortal (Chrono Boost)  
  42  3:45  Action  Once 100 gas in bank for last immortal, send gas probes to mine at natural
  42  3:58  Gateway  x2
  46  4:03  Immortal (Chrono Boost)  Send to warp prism and drop at opponent's 3rd or 4th
  46  4:09  Gateway  x2
  46  4:13  Pylon  x3
  46  4:33  Zealot  x3
  52  4:37  Pylon  
  52  4:55  Zealot  x4
  60  5:02  Zealot  Charge is done so attack outer base and continue to warp in zealots, keep immortals and warp prism alive to win
Spawning Tool Build Advisor. Get it on Overwolf

Go to:

Details

  • Created by: michael.otty
  • Published on: May 10, 2019
  • Modified on: Sep 05, 2019
  • Patch: 4.7.1
Show
View Real Time Build Order
Export as new Build Order

Comments (2)

On Oct. 6, 2019, 6:12 p.m., TheG  said:

#Margaery

On June 23, 2019, 2:44 a.m., Chronarch  said:

salt code?

Create an account to comment!